 Dungeon Crawl Stone Soup version 0.27.1-37-g7b29ead8ac (webtiles) character file.

Game seed: 18405804749737402223

124 tkbsonic5 the Bolt Thrower (level 4, -9/37 HPs)
             Began as a Demigod Hunter on Oct 20, 2023.
             Killed by nerve-wracking pain
             ... invoked by Grinder
              (13 damage)
             ... on level 3 of the Dungeon.
             The game lasted 00:04:18 (2584 turns).

tkbsonic5 the Bolt Thrower (Demigod Hunter)         Turns: 2584, Time: 00:04:18

Health: -9/37      AC:  6    Str: 19    XL:     4   Next: 52%
Magic:  6/6        EV: 12    Int: 13    God:
Gold:   103        SH:  8    Dex: 14    Spells: 3/3 levels left

rFire    + . .     SeeInvis .   a - +1 hand crossbow
rCold    + . .     Faith    .   p - +0 kite shield
rNeg     . . .     Spirit   .   g - +0 ring mail
rPois    +         Reflect  .   (no helmet)
rElec    +         Harm     .   (no cloak)
rCorr    +         Rampage  .   (no gloves)
Will     .....                  e - +0 pair of boots
Stlth    +.........             (no amulet)
HPRegen  0.12/turn              o - +4 ring of evasion
MPRegen  0.10/turn              (no ring)

@: mighty, brilliant, resistant
A: high mp 1, forlorn, strong 1
a: no special abilities


You were on level 3 of the Dungeon.
You visited 1 branch of the dungeon, and saw 3 of its levels.

You collected 103 gold pieces.

Inventory:

Hand Weapons
 a - a +1 hand crossbow (weapon)
 b - a +0 short sword
 f - a +0 whip
 q - a +0 dagger of venom
Missiles
 d - 33 bolts (quivered ammo)
Armour
 c - a +0 leather armour
 e - a +0 pair of boots (worn)
 g - a +0 ring mail (worn)
 p - a +0 kite shield (worn)
Jewellery
 o - a +4 ring of evasion (left hand)
Scrolls
 i - 3 scrolls of fear {unknown}
 j - 4 scrolls of identify {unknown}
Potions
 k - a potion of resistance


   Skills:
 * Level 2.4 Fighting
 - Level 0.4 Short Blades
 * Level 1.2 Maces & Flails
 * Level 4.0 Crossbows
 * Level 1.5 Armour
 * Level 2.5 Dodging
 + Level 1.3 Stealth
 * Level 0.5 Shields


You had 3 spell levels left.
You didn't know any spells.
Your spell library contained the following spells:

 Spells                   Type           Power      Damage    Failure   Level
 Summon Ice Beast         Ice/Summ       0%         N/A       100%        4
 Summon Mana Viper        Hex/Summ       0%         N/A       100%        5
 Monstrous Menagerie      Summ           0%         N/A       100%        7


Dungeon Overview and Level Annotations

Branches:
Dungeon (3/15)

Annotations:
D:3 Grinder


Innate Abilities, Weirdness & Mutations

Your attributes grow dramatically as you level up.
You have an increased reservoir of magic. (+10% MP)
You shall have no god before yourself.
Your muscles are strong. (Str +2)


Message History

Fire: 34 bolts
Press: ? - help, Q - select action Shift-Dir - straight line, f - Grinder
Aim: Grinder (lightly wounded, 63% to hit)
You shoot a bolt.
The bolt hits Grinder but does no damage.
Grinder is lightly wounded.
Grinder hits you!
* * * LOW HITPOINT WARNING * * *
You writhe in agony.
* * * LOW HITPOINT WARNING * * *
Grinder closely misses you.
It was a potion of might.
You feel very mighty all of a sudden. Grinder barely misses you.
It was a potion of mutation.
You feel extremely strange.
You feel stronger.
Grinder says, "Make like a tree!"
Grinder barely misses you.
It was a potion of heal wounds.
You feel much better. You block the endoplasm's attack.
Grinder gestures at you.
You suddenly lose the ability to move!
The endoplasm hits you. Grinder hits you.
You writhe in agony.
* * * LOW HITPOINT WARNING * * *
The endoplasm hits you.
* * * LOW HITPOINT WARNING * * *
Grinder gestures at you. Pain shoots through your body!
* * * LOW HITPOINT WARNING * * *
You can move again.
Unknown command.
It was a potion of magic.
Magic courses through your body.
The endoplasm hits you but does no damage.
Grinder hits you but does no damage.
It was a potion of brilliance.
You feel clever all of a sudden. You block the endoplasm's attack.
Grinder gestures at you. Pain shoots through your body!
You die...

#+## #. ....##.
..... .......
#....> ......
###....## #....
#.......#
#....####.......#
###...5J..#.......#
#).....@.........##
#..................
.....##...†.......#
............#......
....#.............8
.. #.###...##.....
. #.###...##....#
#...<..........
#####....#.....


You could see Grinder and an endoplasm.

Vanquished Creatures
  A hound (D:3)
  Terence (D:2)
  2 worms (D:2)
  3 dart slugs
  9 bats
  6 endoplasms
  3 giant cockroaches
  4 goblins
  2 hobgoblins (D:1)
  3 jackals (D:1)
  5 quokkas
  6 ball pythons
  2 frilled lizards
  5 kobolds
  2 rats (D:2)
54 creatures vanquished.

Notes
Turn   | Place    | Note
-------+----------+-------------------------------------------
     0 | D:1      | tkbsonic5 the Demigod Hunter began the quest for the Orb.
     0 | D:1      | Reached XP level 1. HP: 17/17 MP: 3/3
   258 | D:1      | Reached XP level 2. HP: 15/24 MP: 4/4
   662 | D:1      | Reached skill level 1 in Stealth
  1018 | D:1      | Reached skill level 1 in Armour
  1251 | D:2      | Reached XP level 3. HP: 18/29 MP: 5/5
  1382 | D:2      | Noticed Terence
  1386 | D:2      | Killed Terence
  1514 | D:2      | Reached skill level 1 in Maces & Flails
  2116 | D:2      | Reached XP level 4. HP: 27/36 MP: 6/6
  2238 | D:2      | Reached skill level 4 in Crossbows
  2571 | D:3      | Noticed Grinder
  2579 | D:3      | Gained mutation: Your muscles are strong. (Str +2) [potion
                  | of mutation]
  2580 | D:3      | Paralysed by Grinder for 3 turns
  2584 | D:3      | Killed from afar by Grinder

Illustrated notes

Levels and vault maps discovered:
D:1:      elethiomel_arrival_shortcut, layout_loops_cross,
          chequers_ecumenical_altar_twisty
D:2:      layout_rooms, minmay_quadrilaterals, uniq_terence
D:3:      layout_basic, pf_just_have_faith, uniq_grinder, uniq_robin

Skill      XL: |  1  2  3  4 |
---------------+-------------+-----
Dodging        | 2 |  2.5
Fighting       | 2 |  2.4
Stealth        | 1 |  1.3
Armour         | 1 |  1.5
Maces & Flails | 1 |  1.2
Crossbows      | 4 |  4.0
Short Blades   | |  0.4
Shields        | |  0.5

Action                   |  1- 3 |  4- 6 || total
-------------------------+-------+-------++-------
Melee: Short sword       |    20 |       ||    20
       Whip              |   162 |    47 ||   209
 Fire: Hand crossbow     |    14 |     1 ||    15
  Use: Potion            |       |     6 ||     6
 Stab: Sleeping          |     2 |       ||     2
Armor: Leather armour    |    11 |       ||    11
       Ring mail         |    63 |    26 ||    89
Dodge: Dodged            |   120 |    37 ||   157
Block: Kite shield       |       |    41 ||    41
